FIQ, neutral male scurrid Tourist ..A .r. ... FIQ the Rambler Experience level: 1 Strength: 12 Dexterity: 10 Constitution: 14 Intelligence: 14 Wisdom: 9 Charisma: 16 Health: 0(9) Energy: 2(2) Def: 0 Gold: 1482 Moves: 72 Dungeon seed: wykR76b2gRUF7mVL Game ID: FIQ_1498597589 Your Inventory: Coins $ - 1482 gold pieces Weapons a - 51 uncursed +2 darts (in quiver) Armor e - an uncursed +0 Hawaiian shirt (being worn) Comestibles b - 3 uncursed eggs c - 5 uncursed food rations d - an uncursed chestnut f - 2 uncursed tripe rations g - an uncursed lembas wafer Scrolls i - 4 uncursed scrolls of magic mapping Potions h - 2 uncursed potions of extra healing Wands l - an uncursed wand of secret door detection (0:14) Tools j - an uncursed expensive camera (0:96) k - an uncursed credit card m - an uncursed oil lamp (0:1119) Spells and supernatural/magical abilities: Name Level Category Fail Memory W - pray for help -- divine ? -- Your skills at the end: Miscellaneous Skills wands [Basic] Weapon Skills dart [Basic] Spellcasting Skills Final Attributes: You were devoutly aligned. You had infravision. You were very stealthy. You are dead. Vanquished creatures: a hill orc 3 hobgoblins 4 creatures vanquished. Voluntary challenges: You went without food. You did not adorn yourself with jewelry or accessories. You did not cause conflict. You were not invisible. You did not have reflection. You were not displaced. You were an atheist. You never hit with a wielded weapon. You were a pacifist. You did not use tools. You did not use plumbed fixtures. You did not drink any magical draughts. You were illiterate. You never genocided any monsters. You never polymorphed an object. You never changed form. You used no wishes. You never split a pudding. You never wrote Elbereth's name. You never violated your personal moral code. Dungeon overview: The Dungeons of Doom: levels 1 to 28 Level 1 a long staircase Level 2 a general store Level 3 a fountain Level 4 Level 5 Level 6 Level 7 Level 8 Level 9 Level 10 a fountain Level 11 Level 12 Level 13 Level 14 Level 15 Level 16 Level 17 Level 18 Level 19 Level 20 Level 21 Level 22 Level 23 Level 24 Level 25 Level 26 Level 27 Level 28 <- You were here History has recorded: On T:1 you entered the Dungeons of Doom to retrieve the Amulet of Yendor! On T:4 you reached level 2 of The Dungeons of Doom. On T:7 you reached level 3 of The Dungeons of Doom. On T:9 you reached level 4 of The Dungeons of Doom. On T:11 you reached level 5 of The Dungeons of Doom. On T:13 you reached level 6 of The Dungeons of Doom. On T:16 you reached level 7 of The Dungeons of Doom. On T:18 you reached level 8 of The Dungeons of Doom. On T:20 you reached level 9 of The Dungeons of Doom. On T:22 you reached level 10 of The Dungeons of Doom. On T:25 you reached level 11 of The Dungeons of Doom. On T:27 you reached level 12 of The Dungeons of Doom. On T:29 you reached level 13 of The Dungeons of Doom. On T:31 you reached level 14 of The Dungeons of Doom. On T:34 you reached level 15 of The Dungeons of Doom. On T:36 you reached level 16 of The Dungeons of Doom. On T:38 you reached level 17 of The Dungeons of Doom. On T:38 you entered the Rogue tribute level. On T:40 you reached level 18 of The Dungeons of Doom. On T:43 you reached level 19 of The Dungeons of Doom. On T:45 you reached level 20 of The Dungeons of Doom. On T:47 you reached level 21 of The Dungeons of Doom. On T:49 you reached level 22 of The Dungeons of Doom. On T:52 you reached level 23 of The Dungeons of Doom. On T:54 you reached level 24 of The Dungeons of Doom. On T:56 you reached level 25 of The Dungeons of Doom. On T:58 you reached level 26 of The Dungeons of Doom. On T:61 you reached level 27 of The Dungeons of Doom. On T:63 you reached The Castle. Score breakdown: Gold: 910 ( 91 points) Experience: 1 level ( 0 points) Exploration: 28 levels ( 810 points) Discoveries: 1 item ( 50 points) Variety of kills: 2 monsters ( 100 points) Major goal: (nothing yet) ( 0 points) Survival: died (score multiplied by 3) Total score: 3153 Latest messages: You dig a pit in the floor. You continue digging downward. The floor here is too hard to dig in. You continue digging downward. The floor here is too hard to dig in. You continue digging downward. The floor here is too hard to dig in. You hear a crunching sound. You continue digging downward. The floor here is too hard to dig in. You continue digging downward. The floor here is too hard to dig in. You continue digging downward. The floor here is too hard to dig in. You continue digging downward. The floor here is too hard to dig in. The couatl drinks a purple-red potion! The couatl seems more experienced. You continue digging downward. The floor here is too hard to dig in. You continue digging downward. The floor here is too hard to dig in. You hear a clank. You continue digging downward. The floor here is too hard to dig in. The couatl bites! (2x) You die... Final status: Aloha FIQ the Tourist, killed by a couatl... You died in The Dungeons of Doom on dungeon level 28 with 3153 points, and 1482 pieces of gold, after 72 moves. You were level 1 with a maximum of 9 hit points when you died.